[Event "*** Titled Tuesday Blitz"]
[Site "Chess.com"]
[Date "2020.12.29"]
[Round "2"]
[White "12teen"]
[Black "StellarChessPro"]
[Result "1-0"]
[WhiteElo "2742"]
[BlackElo "2499"]
[TimeControl "180+1"]
[EndTime "10:16:34 PST"]
[Termination "12teen won by resignation"]

1. g3 g6 2. Bg2 Bg7 3. d3 d6 4. Nc3 c6 5. e4 Bf6 6. f4 e5 7.
Nge2 Ne7 8. Be3 Bg7 9. Qd2 Qa5 10. O-O-O b5 11. a3 b4 12. Na2 c5 13. Kb1 Be6 14. Nec1 Nbc6 15. f5 Bd7 16. axb4 Nxb4 17. Rhf1 f6 18.
Bh6 Bxh6 19. Qxh6 Rb8 20. fxg6 Nxa2 21. Nxa2 Be6 22. c4 Kd7 23. g7 Rhg8 24. Rxf6 Bg4 25.
Rxd6+ Kc7 26. Qf6 Rge8 27. Qxe5 Kb7 28. Rc1 Ka8 29. Nc3 Qb4 30. Nb5 Be2 31. g8=Q Nxg8 32. Qd5+ Rb7 33. Nc7+ Kb8 34. Na6+ Kc8 35. Nxb4 1-0

[Event "*** Titled Tuesday Blitz"]
[Site "Chess.com"]
[Date "2020.12.29"]
[Round "2"]
[White "olksuna"]
[Black "atalz0"]
[Result "1-0"]
[WhiteElo "2650"]
[BlackElo "2367"]
[TimeControl "180+1"]
[EndTime "10:16:34 PST"]
[Termination "olksuna won by resignation"]

1. e4 d5 2. exd5 Nf6 3. d4 Nxd5 4. c4 Nb6 5. Be2 e5 6. d5 c6 7. Nc3 Bb4 8. Bd2 O-O 9. Nf3 cxd5 10. Nxd5 Nxd5 11. cxd5 Bxd2+ 12. Qxd2 e4 13. Ne5 Nd7 14. Nc4 Nf6 15. Ne3 Qd6 16. O-O Rd8 17. Rfd1 Bd7 18. Nc4 Qe7 19. Qf4 Bb5 20. d6 Qe6 21. b3 Nd5 22.
Qg3 f5 23. Rd4 f4 24. Bg4 Qf7 25. Qh3 Nf6 26. Be6 1-0

[Event "*** Titled Tuesday Blitz"]
[Site "Chess.com"]
[Date "2020.12.29"]
[Round "2"]
[White "GM_Crest"]
[Black "Agoking701"]
[Result "1-0"]
[WhiteElo "2689"]
[BlackElo "2340"]
[TimeControl "180+1"]
[EndTime "10:16:34 PST"]
[Termination "GM_Crest won by resignation"]

1. d4 Nf6 2. c4 g6 3. Nc3 Bg7 4. e4 O-O 5. Nf3 d6 6. Be2 Nc6 7. Be3 e5 8. d5 Ne7 9. Nd2 Ne8 10. c5 f5 11. f3 f4 12. Bf2 g5 13.
Nc4 Rf6 14. a4 h5 15. cxd6 cxd6 16. a5 Rg6 17. Nb5 g4 18. Nxa7 Bd7 19. Qb3 gxf3 20. gxf3 Rg2 21. Bb6 Qb8 22. Nb5 Bf6 23. Rc1 Bh4+ 24.
Kd1 Kh8 25. Bf1 Rg6 26. Rc2 Ng7 27. Bc7 Qe8 28. Nbxd6 Qf8 29. Nxe5 Rxd6 30. Bxd6 Qf6 31. Bxe7 Qxe5 32. Bxh4 1-0

[Event "*** Titled Tuesday Blitz"]
[Site "Chess.com"]
[Date "2020.12.29"]
[Round "2"]
[White "Training_Day"]
[Black "Ariadna_Atreides"]
[Result "1-0"]
[WhiteElo "2379"]
[BlackElo "2080"]
[TimeControl "180+1"]
[EndTime "10:16:34 PST"]
[Termination "Training_Day won by resignation"]

1. e4 c5 2. Nf3 d6 3. d4 cxd4 4. Nxd4 Nf6 5. f3 Nc6 6. c4 e5 7. Nc2 Be7 8. Be3 Be6 9. Nc3 a5 10. Be2 O-O 11. b3 Nh5 12. Qd2 Nf4 13. O-O Bg5 14.
Rfd1 Nxe2+ 15. Qxe2 Bxe3+ 16. Qxe3 Qe7 17. Nb5 Rfd8 18.
a4 f5 19. Rd2 fxe4 20. Qxe4 Rd7 21. Rad1 Rad8 22. Ne3 g6 23. Nd5 Qg5 24. h4 Qh5 25. Nf6+ 1-0

[Event "*** Titled Tuesday Blitz"]
[Site "Chess.com"]
[Date "2020.12.29"]
[Round "2"]
[White "annacramling"]
[Black "Flopezin"]
[Result "1-0"]
[WhiteElo "2070"]
[BlackElo "2353"]
[TimeControl "180+1"]
[EndTime "10:16:34 PST"]
[Termination "annacramling won by checkmate"]

1. d4 Nf6 2. c4 e6 3. Nc3 Bb4 4. Qc2 O-O 5. e4 d5 6. e5 Ne4 7. Bd3 c5 8. Nf3 cxd4 9. Nxd4 Nd7 10. cxd5 exd5 11. Bf4 Qb6 12. Nf3 Ndc5 13. O-O Nxd3 14. Qxd3 Bxc3 15. bxc3 Be6 16. Rab1 Qc7 17. Rfc1 Rfc8 18.
Nd4 a6 19. c4 Nc5 20. Qg3 dxc4 21. Bh6 g6 22. Qf4 Qd8 23. Bg5 Nd3 24. Qh4 Qf8 25.
Be7 Qe8 26. Nxe6 fxe6 27. Bf6 Nxc1 28. Rxb7 Rd8 29. Qxh7+ Kf8 30. Qh8# 1-0

[Event "*** Titled Tuesday Blitz"]
[Site "Chess.com"]
[Date "2020.12.29"]
[Round "2"]
[White "IsuruAlahakoon"]
[Black "NodariousBIG"]
[Result "0-1"]
[WhiteElo "2329"]
[BlackElo "2652"]
[TimeControl "180+1"]
[EndTime "10:16:35 PST"]
[Termination "NodariousBIG won on time"]

1. Nf3 e6 2. d4 b6 3. e4 Bb7 4. Bd3 Nf6 5. Qe2 d5 6. e5 Ng8 7. Ng5 g6 8. Qf3 Qd7 9. h4 h6 10. Nh3 c5 11. c3 Nc6 12. Qe3 Nge7 13. a3 Rc8 14. Qf4 cxd4 15. cxd4 Nxd4 16. Nc3 Nb3 17. Qf6 Rg8 18. Rb1 d4 19. Nb5 Nd5 20. Qf3 Nxc1 21. O-O Nxd3 22. Qxd3 Ba6 23. a4 Bxb5 24. axb5 Bc5 25.
b4 Nxb4 26. Qe4 Nd5 27. Rfc1 Nc3 0-1

[Event "*** Titled Tuesday Blitz"]
[Site "Chess.com"]
[Date "2020.12.29"]
[Round "2"]
[White "JustKid"]
[Black "BobbySteen89"]
[Result "1-0"]
[WhiteElo "2609"]
[BlackElo "2106"]
[TimeControl "180+1"]
[EndTime "10:16:37 PST"]
[Termination "JustKid won by checkmate"]

1. d4 Nf6 2. Bf4 d6 3. e3 g6 4.
Nf3 Bg7 5. h3 O-O 6. Be2 Nfd7 7.
Bh2 e5 8. O-O f5 9. c4 Nc6 10.
Nc3 Ne7 11. Qc2 c6 12. Rfd1 e4 13. Nd2 d5 14. cxd5 cxd5 15. Nb5 f4 16. Nc7 Nc6 17. Nxa8 g5 18. Qb3 Nf6 19. Rac1 f3 20. Bf1 g4 21. h4 fxg2 22. Bxg2 Nh5 23. Nxe4 Qxh4 24. Qxd5+ Kh8 25. Bg3 Nxg3 26. Nxg3 Rd8 27. Qh5 Qf6 28. Nc7 Rf8 29. Rd2 Bd7 30. Nd5 Qd6 31. Nf4 Rxf4 32.
exf4 Nxd4 33. Rcd1 Bc6 34. Bxc6 Qxc6 35. Rxd4 Bxd4 36. Rxd4 Qc1+ 37. Nf1 Qxb2 38. Qe5+ Kg8 39. Rd8+ Kf7 40. Rd7+ Kf8 41. Qe7+ Kg8 42. Qf7+ Kh8 43. Qxh7# 1-0

[Event "*** Titled Tuesday Blitz"]
[Site "Chess.com"]
[Date "2020.12.29"]
[Round "2"]
[White "exoticprincess"]
[Black "Fh2411"]
[Result "1-0"]
[WhiteElo "2899"]
[BlackElo "2568"]
[TimeControl "180+1"]
[EndTime "10:16:41 PST"]
[Termination "exoticprincess won by checkmate"]

1. d4 d5 2. Nc3 Nf6 3. Bf4 Bf5 4. f3 e6 5. g4 Bg6 6. h4 h5 7. g5 Ng8 8. e3 Bb4 9. Kf2 Nd7 10. Nb5 Ba5 11. b4 Bb6 12. a4 a6 13.
Nc3 c6 14. a5 Bc7 15. Bxc7 Qxc7 16. f4 Ne7 17. Nf3 Nc8 18. Bd3 Bf5 19. Na4 Nd6 20. Nc5 Rd8 21. Ne5 Nxe5 22. fxe5 Ne4+ 23.
Bxe4 dxe4 24. Rg1 Qe7 25. Ke1 f6 26. exf6 gxf6 27. Kd2 Kf7 28. gxf6 Qxf6 29. Rg5 Rxd4+ 30. exd4 Qxd4+ 31. Ke2 Qc4+ 32. Kf2 e3+ 33. Kxe3 Qxh4 34. Qd7+ Kf6 35. Qg7# 1-0

[Event "*** Titled Tuesday Blitz"]
[Site "Chess.com"]
[Date "2020.12.29"]
[Round "2"]
[White "MomchilPetkov"]
[Black "Galileo22"]
[Result "1-0"]
[WhiteElo "2738"]
[BlackElo "2343"]
[TimeControl "180+1"]
[EndTime "10:16:41 PST"]
[Termination "MomchilPetkov won on time"]

1. d4 Nf6 2. Bf4 g6 3. e3 Bg7 4. Nf3 O-O 5. h3 c5 6. Be2 d6 7. O-O cxd4 8. exd4 Nc6 9. c3 b6 10.
Nbd2 Bb7 11. Re1 Nd5 12. Bh2 Nc7 13. Bf1 Re8 14. Nc4 b5 15. Ne3 e5 16. dxe5 dxe5 17. Qc2 e4 18. Nd2 f5 19. Rad1 Qe7 20. Bxc7 Qxc7 21.
Bxb5 Ne5 22. Qb3+ Kh8 23. Bxe8 Rxe8 24. Nd5 Qf7 25. Nf1 Ba6 26. Nde3 Qe7 27. c4 Nd3 28.
Rxd3 exd3 29. Qxd3 Bxb2 30. Qb3 Bg7 31. Qa4 1-0

[Event "*** Titled Tuesday Blitz"]
[Site "Chess.com"]
[Date "2020.12.29"]
[Round "2"]
[White "MumLookatMeNow"]
[Black "Msb2"]
[Result "0-1"]
[WhiteElo "2515"]
[BlackElo "2776"]
[TimeControl "180+1"]
[EndTime "10:16:42 PST"]
[Termination "Msb2 won by resignation"]

1. e4 e6 2. d4 d5 3. Nc3 Nf6 4. e5 Nfd7 5. Nce2 c5 6. c3 Nc6 7.
Nf3 Be7 8. a3 O-O 9. Nf4 Qa5 10.
Bd3 Nxd4 11. Nxd4 cxd4 12. b4 Qc7 13. cxd4 Qc3+ 14. Bd2 Qxd4 15. O-O Qxe5 16. Re1 Qd6 17.
Rc1 e5 18. Nh5 Nf6 19. Nxf6+ Bxf6 20. b5 Re8 21. Bb4 Qd8 22. a4 Be6 23. Be2 Rc8 24. Qd3 Qd7 25. Qg3 Rxc1 26. Rxc1 Rc8 27. Rd1 d4 28.
Bd3 Bf5 29. Qf3 Bxd3 30. Qxd3 Qd5 31. f3 Rc4 32. Qb3 Qe6 33. Be1 g6 34. a5 Kg7 35.
b6 axb6 36. axb6 Rc6 37. Qd3 Rxb6 38. Qe4 Qc6 39. Qg4 h5 0-1

[Event "*** Titled Tuesday Blitz"]
[Site "Chess.com"]
[Date "2020.12.29"]
[Round "2"]
[White "SergeyShtyka"]
[Black "PakMaster"]
[Result "1-0"]
[WhiteElo "2458"]
[BlackElo "2262"]
[TimeControl "180+1"]
[EndTime "10:16:42 PST"]
[Termination "SergeyShtyka won by checkmate"]

1. e4 c5 2. Nf3 d6 3. d4 cxd4 4. Nxd4 Nf6 5. Nc3 a6 6. Bc4 e6 7. O-O Be7 8. Be3 O-O 9. f4 Nc6 10. Qf3 Bd7 11. Bd3 Nxd4 12. Bxd4 Bc6 13. Qh3 h6 14.
Rae1 Qa5 15. e5 dxe5 16. fxe5 Qb4 17. Be3 Ng4 18. Rf4 Qxb2 19. Rxg4 Qxc3 20. Rxg7+ Kxg7 21. Qxh6+ Kg8 22. Qh7# 1-0

[Event "*** Titled Tuesday Blitz"]
[Site "Chess.com"]
[Date "2020.12.29"]
[Round "2"]
[White "1g41-0"]
[Black "rachidhuilda"]
[Result "1-0"]
[WhiteElo "2620"]
[BlackElo "2232"]
[TimeControl "180+1"]
[EndTime "10:16:43 PST"]
[Termination "1g41-0 won by resignation"]

1. d4 Nf6 2. c4 c5 3. d5 b5 4. cxb5 a6 5. e3 e6 6. Nc3 exd5 7. Nxd5 Bb7 8. Nxf6+ Qxf6 9. Nf3 d5 10. bxa6 Nxa6 11.
Bb5+ Bc6 12. Qxd5 Nb4 13. Bxc6+ Nxc6 14. O-O Rd8 15. Qe4+ Be7 16. Bd2 O-O 17. Bc3 Qg6 18. Qxg6 hxg6 19. Rfd1 Nb4 20. a3 Nd3 21. Kf1 c4 22.
Ne1 Bf6 23. Nxd3 Bxc3 24. bxc3 cxd3 25. Ke1 Rd5 26. Kd2 Ra8 27. Rdb1 Ra4 28. Rb4 Ra8 29. a4 Rc5 30. Kxd3 Rd8+ 31. Rd4 Rdc8 32. c4 Rb8 33.
Kc3 Ra5 34. Rd5 Ra7 35. Rb5 Rc8 36. a5 Rac7 37. Ra4 Kf8 38. a6 Ra8 39. Rb7 Rc6 40.
a7 1-0

[Event "*** Titled Tuesday Blitz"]
[Site "Chess.com"]
[Date "2020.12.29"]
[Round "2"]
[White "vladgoncharov"]
[Black "MelihKaanCan"]
[Result "0-1"]
[WhiteElo "2541"]
[BlackElo "2332"]
[TimeControl "180+1"]
[EndTime "10:16:45 PST"]
[Termination "MelihKaanCan won by resignation"]

1. d4 Nf6 2. c4 c5 3. d5 e6 4.
Nc3 exd5 5. cxd5 d6 6. Nf3 g6 7. h3 Bg7 8. Bf4 O-O 9. e3 a6 10. a4 Qe7 11. Nd2 Nfd7 12. Be2 Ne5 13. O-O f5 14.
Bh2 Nbd7 15. a5 Rb8 16. Re1 b5 17. axb6 Rxb6 18. Qc2 Bb7 19. f4 Nf7 20. Nc4 Rb4 21. Bd3 Nf6 22. e4 fxe4 23. Nxe4 Nxe4 24. Bxe4 Qf6 25.
b3 Nh6 26. Rad1 Nf5 27. Bxf5 gxf5 28. Re6 Qh4 29. Nxd6 Bd4+ 30. Kh1 Bxd5 31. Re5 Bxb3 32. Qc1 Bxd1 33. Qxd1 Rfb8 34. Re1 Qxe1+ 35. Qxe1 Rb1 36. Bg3 Rxe1+ 37. Bxe1 Rb1 0-1

[Event "*** Titled Tuesday Blitz"]
[Site "Chess.com"]
[Date "2020.12.29"]
[Round "2"]
[White "renehp"]
[Black "paulrusan"]
[Result "1-0"]
[WhiteElo "2442"]
[BlackElo "2225"]
[TimeControl "180+1"]
[EndTime "10:16:46 PST"]
[Termination "renehp won by resignation"]

1. e4 g6 2. d4 Bg7 3. Nc3 d6 4.
Be3 a6 5. f4 b5 6. Bd3 Bb7 7. Nf3 Nd7 8. e5 c5 9. Be4 Qb8 10. Bxb7 Qxb7 11. Qe2 b4 12. Nd1 cxd4 13. Bxd4 dxe5 14. fxe5 e6 15. O-O Ne7 16. Ne3 O-O 17.
Rad1 Nc6 18. Ng4 Nxd4 19. Nxd4 h5 20. Nf6+ Nxf6 21. exf6 Bh6 22. Kh1 Rfd8 23. h3 Rac8 24. Rd3 Kh7 25. Rfd1 Rd5 26. Nxe6 Rxd3 27. Rxd3 fxe6 28.
Qxe6 Rc7 29. Rd8 Bf4 30. h4 Rxc2 31. Qg8+ Kh6 32. Qh8+ Qh7 33. Qf8+ 1-0

[Event "*** Titled Tuesday Blitz"]
[Site "Chess.com"]
[Date "2020.12.29"]
[Round "2"]
[White "NovikovaGalina"]
[Black "ambaixador"]
[Result "1-0"]
[WhiteElo "2233"]
[BlackElo "2423"]
[TimeControl "180+1"]
[EndTime "10:16:48 PST"]
[Termination "NovikovaGalina won by resignation"]

1. e4 c5 2. Nf3 d6 3. d4 cxd4 4.
Nxd4 Nf6 5. Nc3 a6 6. h3 e5 7. Nde2 Be6 8. g4 Be7 9. Bg2 O-O 10. Ng3 Nc6 11. Be3 Qc7 12. g5 Nd7 13. h4 Nb6 14. Nd5 Bxd5 15. exd5 Nb8 16. O-O Nc4 17. Bc1 f5 18.
gxf6 Bxf6 19. b3 Nb6 20. Bg5 N8d7 21. c4 a5 22. Qg4 a4 23. Ne4 Bxg5 24. Nxg5 Rf4 25.
Qe6+ Kh8 26. Nf7+ Rxf7 27. Qxf7 Rf8 28. Qe7 Nc8 29. Qe6 Nc5 30. Qg4 Rf4 31. Qg3 Ne7 32. Rfe1 Nf5 33. Qxf4 1-0

[Event "*** Titled Tuesday Blitz"]
[Site "Chess.com"]
[Date "2020.12.29"]
[Round "2"]
[White "cukin84"]
[Black "Elyon2000"]
[Result "1-0"]
[WhiteElo "2176"]
[BlackElo "2363"]
[TimeControl "180+1"]
[EndTime "10:16:48 PST"]
[Termination "cukin84 won by resignation"]

1. e4 c5 2. Nc3 Nc6 3. Bb5 g6 4.
Bxc6 bxc6 5. d3 Bg7 6. f4 d6 7. Nf3 Nf6 8. O-O O-O 9. Qe1 Qd7 10. b3 Qg4 11. h3 Qh5 12. Bd2 Rb8 13. Qh4 Qxh4 14. Nxh4 Bd7 15. Rae1 Nh5 16. g4 Nf6 17.
Nf3 h5 18. e5 Ne8 19. exd6 exd6 20. Re7 Rd8 21. f5 Bf6 22. Re2 hxg4 23. hxg4 gxf5 24. gxf5 Ng7 25. Ne4 Bd4+ 26. Nxd4 cxd4 27. Nf6+ 1-0

[Event "*** Titled Tuesday Blitz"]
[Site "Chess.com"]
[Date "2020.12.29"]
[Round "2"]
[White "Kretov_Evgenij"]
[Black "ChessLover0108"]
[Result "0-1"]
[WhiteElo "2512"]
[BlackElo "2766"]
[TimeControl "180+1"]
[EndTime "10:16:49 PST"]
[Termination "ChessLover0108 won by resignation"]

1. d4 d6 2. c4 e5 3. dxe5 dxe5 4. Qxd8+ Kxd8 5. h3 f6 6. g4 c6 7. Bg2 Kc7 8. e3 Be6 9. b3 Nd7 10. f4 a5 11. Nc3 exf4 12. exf4 Bb4 13. Bd2 Ne7 14. Nge2 Rhe8 15. O-O Bf7 16. Rfd1 Rad8 17. Kf1 Ng6 18. f5 Nge5 19. Nf4 Nc5 20. Be1 Nxc4 21. bxc4 Rxe1+ 22. Rxe1 Bxc4+ 23. Nce2 Bxe1 24. Rxe1 Bxa2 25. Nc3 Bb3 26.
Ne6+ Nxe6 27. fxe6 Re8 28. e7 a4 29. Be4 Rxe7 30. Bxh7 Rxe1+ 31. Kxe1 a3 32. Bb1 b5 33. Kd2 b4 34. Na2 c5 35. Nc1 Bd5 36. Kc2 Be4+ 0-1

[Event "*** Titled Tuesday Blitz"]
[Site "Chess.com"]
[Date "2020.12.29"]
[Round "2"]
[White "rasmussvane"]
[Black "queen_iryna"]
[Result "1-0"]
[WhiteElo "2879"]
[BlackElo "2354"]
[TimeControl "180+1"]
[EndTime "10:16:49 PST"]
[Termination "rasmussvane won by resignation"]

1. Nf3 d5 2. g3 Nf6 3. Bg2 c6 4.
O-O Bg4 5. h3 Bf5 6. c4 e6 7. Qb3 Qb6 8. d3 Nbd7 9. cxd5 exd5 10. Qc2 Be7 11. Nc3 O-O 12. e4 Bg6 13. Be3 Qa6 14.
Nh4 dxe4 15. dxe4 Rfd8 16. f4 Nh5 17. Nxg6 hxg6 18. g4 Nhf6 19. Rad1 Nc5 20. e5 Nfd7 21. b4 Ne6 22. f5 gxf5 23. gxf5 Bg5 24. Qc1 Bxe3+ 25. Qxe3 Nef8 26. e6 Qb6 27. Qxb6 Nxb6 28. e7 Rxd1 29. exf8=Q+ Kxf8 30. Rxd1 Re8 31. Kf2 Re5 32.
Be4 Ke7 33. Kf3 Kf6 34. a4 Nc4 35. Rd4 Nb6 36. a5 Nc8 37. Kf4 b6 38. Rd8 Ne7 39.
Rd6+ 1-0

[Event "*** Titled Tuesday Blitz"]
[Site "Chess.com"]
[Date "2020.12.29"]
[Round "2"]
[White "beto-betun"]
[Black "TengisChess"]
[Result "0-1"]
[WhiteElo "2177"]
[BlackElo "2414"]
[TimeControl "180+1"]
[EndTime "10:16:49 PST"]
[Termination "TengisChess won by resignation"]

1. d4 d5 2. Nf3 Nf6 3. g3 c5 4. Bg2 e6 5. O-O Nbd7 6. c4 Be7 7. b3 O-O 8. Bb2 b6 9. Nbd2 Bb7 10. Ne5 Nxe5 11. dxe5 Nd7 12. cxd5 exd5 13. e4 d4 14. Nc4 Qc7 15. f4 Rad8 16. Qg4 Bc8 17. Qf3 f6 18. e6 Nb8 19. f5 Nc6 20. Qh5 b5 21. Nd2 Bd6 22. Rae1 Nb4 23. Rf3 c4 24. bxc4 bxc4 25. Bxd4 Nc2 26. g4 Nxe1 27. Rh3 g6 28. fxg6 Nxg2 29. Kxg2 Bxe6 30. gxh7+ Kh8 31. Qg6 Qg7 32.
Qxg7+ Kxg7 33. Be3 Rh8 34. Nf3 Bxg4 0-1

[Event "*** Titled Tuesday Blitz"]
[Site "Chess.com"]
[Date "2020.12.29"]
[Round "2"]
[White "Skat2704"]
[Black "akanga001"]
[Result "1-0"]
[WhiteElo "2366"]
[BlackElo "1944"]
[TimeControl "180+1"]
[EndTime "10:16:50 PST"]
[Termination "Skat2704 won by resignation"]

1. d4 Nf6 2. c4 b6 3. Nf3 Bb7 4. Nc3 d6 5. Bg5 Nbd7 6. e3 h6 7. Bh4 g5 8. Bg3 Bg7 9. Bd3 Nh5 10. O-O Nxg3 11. hxg3 O-O 12. e4 e5 13. Bc2 a5 14.
Qd2 Ba6 15. b3 Bb7 16. Rad1 Qe7 17. Nd5 Qd8 18. dxe5 dxe5 19. Ne3 Nc5 20. Qe2 Qe7 21. Nf5 Qf6 22. Nh2 Rfe8 23. Ng4 Qg6 24. f3 h5 25. Nge3 Ne6 26. Nd5 Bxd5 27. exd5 Nd4 28. Nxd4 exd4 29. Qxe8+ Rxe8 30. Bxg6 fxg6 31. Rfe1 Rd8 32. Re6 Kh7 33. Re7 Rc8 34. Rxd4 Kh6 35. Rde4 1-0

[Event "*** Titled Tuesday Blitz"]
[Site "Chess.com"]
[Date "2020.12.29"]
[Round "2"]
[White "03revilo"]
[Black "Alomaterapia"]
[Result "0-1"]
[WhiteElo "2302"]
[BlackElo "2481"]
[TimeControl "180+1"]
[EndTime "10:16:55 PST"]
[Termination "Alomaterapia won by resignation"]

1. c4 c6 2. Nf3 d5 3. e3 Nf6 4.
Nc3 Nbd7 5. Qc2 e5 6. cxd5 Nxd5 7.
b3 Bd6 8. Bb2 O-O 9. Ne4 Be7 10.
Nxe5 Nxe5 11. Bxe5 Bf5 12. a3 Re8 13. Bb2 Bxa3 14.
Bxa3 Bxe4 15. d3 Bg6 16. Be2 Nf4 17. O-O-O Qa5 18. Bb2 Nd5 19. Kb1 Rad8 20. e4 Nb4 21. Qc3 f6 22. f3 Bf7 23. Rd2 c5 24. d4 Qa2+ 25. Kc1 Qa5 26. d5 Na2+ 0-1

[Event "*** Titled Tuesday Blitz"]
[Site "Chess.com"]
[Date "2020.12.29"]
[Round "2"]
[White "GM_LOADING"]
[Black "JakubPulpan"]
[Result "1-0"]
[WhiteElo "2504"]
[BlackElo "2702"]
[TimeControl "180+1"]
[EndTime "10:16:56 PST"]
[Termination "GM_LOADING won by resignation"]

1. d4 Nf6 2. Nf3 Nd5 3. e4 Nb6 4. Nc3 d6 5. a4 a5 6. Bd3 Nc6 7. Bb5 Bd7 8. Be3 Nb4 9. Be2 Bg4 10. h3 Bxf3 11. Bxf3 Nc4 12. Bg5 Nxb2 13. Qe2 Qd7 14. Bc1 Nxa4 15. Rxa4 g6 16. Ba3 Na2 17. Rc4 b5 18. e5 bxc4 19. Bxa8 Nxc3 20. Qxc4 c5 21.
Qxc3 Bg7 22. O-O O-O 23. Qxa5 cxd4 24. exd6 exd6 25. Be4 Re8 26. Bd3 Rc8 27. Re1 h5 28.
Qd5 Rd8 29. Bxg6 Ra8 30. Qxa8+ Qd8 1-0

[Event "*** Titled Tuesday Blitz"]
[Site "Chess.com"]
[Date "2020.12.29"]
[Round "2"]
[White "IMDT02"]
[Black "tigra"]
[Result "0-1"]
[WhiteElo "2535"]
[BlackElo "2821"]
[TimeControl "180+1"]
[EndTime "10:16:58 PST"]
[Termination "tigra won on time"]

1. e4 c5 2. Nf3 d6 3. Bb5+ Nd7 4. Ba4 a6 5. c4 e5 6. Nc3 Ne7 7. a3 Nc6 8. O-O Be7 9. Rb1 O-O 10. b4 Nd4 11. Nd5 b5 12. Nxd4 exd4 13. cxb5 Nb6 14. bxc5 Nxd5 15. exd5 dxc5 16. b6 Rb8 17. Bc6 Rxb6 18.
Rxb6 Qxb6 19. d3 Bd6 20. Re1 Bf5 21. Qf3 Bg6 22. h4 Qb3 23. h5 Bxd3 24. h6 Qc3 25.
Rd1 Bc2 26. Qg4 g6 27. Rd2 Bf5 28. Qd1 Bf4 29. d6 Bxd6 30. Bd5 Bf4 0-1

[Event "*** Titled Tuesday Blitz"]
[Site "Chess.com"]
[Date "2020.12.29"]
[Round "2"]
[White "CarrotsandPizza"]
[Black "horripile"]
[Result "0-1"]
[WhiteElo "2397"]
[BlackElo "2681"]
[TimeControl "180+1"]
[EndTime "10:16:59 PST"]
[Termination "horripile won on time"]

1. e4 d6 2. d4 Nf6 3. Nc3 e5 4. Nf3 Nbd7 5. Bc4 exd4 6. Nxd4 Nb6 7. Be2 Be7 8. O-O O-O 9. f4 c6 10. Be3 d5 11. e5 Ne8 12. f5 c5 13. f6 Nxf6 14.
exf6 Bxf6 15. Bf3 Nc4 16. Nxd5 Nxe3 17. Nxe3 Bxd4 18. Re1 Re8 19. Qd3 Qg5 20. Kf2 Bf5 21. Qd2 Rad8 22. Qc1 Qh4+ 23. Kg1 Qxe1+ 24. Qxe1 Rxe3 0-1

[Event "*** Titled Tuesday Blitz"]
[Site "Chess.com"]
[Date "2020.12.29"]
[Round "2"]
[White "Smile2005"]
[Black "Juanovic"]
[Result "1-0"]
[WhiteElo "2372"]
[BlackElo "2027"]
[TimeControl "180+1"]
[EndTime "10:17:00 PST"]
[Termination "Smile2005 won by resignation"]

1. Nf3 Nf6 2. g3 g6 3. Bg2 Bg7 4. O-O O-O 5. d3 d5 6. Nc3 c5 7. e4 d4 8. Nb1 Nc6 9. a4 e5 10. Na3 Bg4 11. Nc4 b6 12. h3 Bxf3 13. Qxf3 Re8 14.
Qe2 a6 15. a5 Nxa5 16. Nxa5 bxa5 17. b3 Rb8 18. Bd2 Rb5 19. Ra4 Nd7 20. Rfa1 Nb8 21.
Bxa5 Qd6 22. Bd2 h6 23. h4 Kh7 24. h5 g5 25. Bh3 Bf8 26. Bf5+ Kg7 27. Qg4 Be7 28.
Kg2 Rd8 29. f4 exf4 30. gxf4 f6 31. Be6 Rb6 32. Bc4 Kh8 33. Qf5 Bf8 34. Ba5 Bg7 35. Bxb6 Qxb6 36. Bxa6 Nxa6 37. Rxa6 Qb4 38. Ra8 Qd2+ 39.
Kh1 1-0

[Event "*** Titled Tuesday Blitz"]
[Site "Chess.com"]
[Date "2020.12.29"]
[Round "2"]
[White "SamuelGhimpu2003"]
[Black "BogdanDeac"]
[Result "0-1"]
[WhiteElo "2602"]
[BlackElo "3005"]
[TimeControl "180+1"]
[EndTime "10:17:01 PST"]
[Termination "BogdanDeac won by resignation"]

1. d4 g6 2. Nc3 Bg7 3. e4 d6 4. Nf3 Nf6 5. h3 O-O 6. Be2 a6 7. O-O b5 8. a3 Bb7 9. d5 c6 10. Be3 Nbd7 11. Qd2 cxd5 12. exd5 Nb6 13. Bxb6 Qxb6 14.
Rfe1 Rac8 15. Bf1 Rfe8 16. Re3 Bh6 17. Rae1 Qc5 18. b4 Qb6 19. Qd1 Bxe3 20. Rxe3 Rc7 21. Qe1 Nxd5 22. Nxd5 Bxd5 0-1

[Event "*** Titled Tuesday Blitz"]
[Site "Chess.com"]
[Date "2020.12.29"]
[Round "2"]
[White "tjychess"]
[Black "Nuvas"]
[Result "1-0"]
[WhiteElo "2732"]
[BlackElo "2498"]
[TimeControl "180+1"]
[EndTime "10:17:01 PST"]
[Termination "tjychess won by resignation"]

1. d4 Nf6 2. c4 g6 3. Nc3 d5 4. Nf3 Bg7 5. Qb3 dxc4 6. Qxc4 Be6 7. Qb5+ Bd7 8. Qxb7 Nc6 9. Qb3 O-O 10. e3 Rb8 11.
Qd1 Na5 12. Be2 c5 13. O-O Qc7 14. d5 Bf5 15. Bd3 Rfd8 16. e4 Bg4 17. h3 Bxf3 18.
Qxf3 Nd7 19. Be2 Ne5 20. Qg3 Rdc8 21. Rb1 Nac4 22. f4 Qb6 23. fxe5 Bxe5 24. Bf4 1-0

[Event "*** Titled Tuesday Blitz"]
[Site "Chess.com"]
[Date "2020.12.29"]
[Round "2"]
[White "szachuspl"]
[Black "Blitzstream"]
[Result "0-1"]
[WhiteElo "2485"]
[BlackElo "2715"]
[TimeControl "180+1"]
[EndTime "10:17:02 PST"]
[Termination "Blitzstream won by checkmate"]

1. d4 d5 2. c4 c6 3. Nf3 Nf6 4.
e3 Bf5 5. Nbd2 e6 6. Be2 Bd6 7. b3 O-O 8. Bb2 Nbd7 9. O-O Ne4 10. Ne5 Qc7 11. cxd5 exd5 12. Nxe4 Bxe4 13. f3 Bg6 14. f4 Be4 15. Rc1 Nf6 16. Bc3 Qe7 17. a4 Nd7 18. Bg4 Nf6 19. Bh3 Rad8 20. Qd2 Ne8 21.
Rce1 f6 22. Nd3 Nc7 23. Nc5 Bxc5 24. dxc5 Qxc5 25. Bb4 Qc2 26. Qxc2 Bxc2 27. Bxf8 Kxf8 28.
a5 Bxb3 29. Rb1 Bc4 30. Rxb7 Bxf1 31. Rxc7 Bb5 32. Rxa7 d4 33. exd4 Rxd4 34. Be6 Rxf4 35.
Rf7+ Ke8 36. Rxg7 Rf1# 0-1

[Event "*** Titled Tuesday Blitz"]
[Site "Chess.com"]
[Date "2020.12.29"]
[Round "2"]
[White "Aemulus20"]
[Black "dosto07"]
[Result "1-0"]
[WhiteElo "2599"]
[BlackElo "2316"]
[TimeControl "180+1"]
[EndTime "10:17:02 PST"]
[Termination "Aemulus20 won by resignation"]

1. e4 e5 2. Nf3 Nc6 3. Bb5 a6 4. Ba4 Nf6 5. O-O Be7 6. Re1 b5 7. Bb3 O-O 8. c3 d6 9. a4 b4 10.
a5 Be6 11. d4 Bxb3 12. Qxb3 bxc3 13. bxc3 exd4 14. cxd4 d5 15. e5 Ne4 16. Nbd2 Rb8 17. Qa4 Nb4 18. Nxe4 dxe4 19. Rxe4 Qd5 20. Re2 c5 21. dxc5 Qc4 22. Re1 Bxc5 23. Be3 Bxe3 24.
Rxe3 h6 25. h3 Qc5 26. Qa3 Qc7 27. Rc1 Qb7 28. Rb1 Qe7 29. Reb3 Nc6 30. Qxe7 Rxb3 31. Qxf8+ Kxf8 32. Rxb3 1-0

[Event "*** Titled Tuesday Blitz"]
[Site "Chess.com"]
[Date "2020.12.29"]
[Round "2"]
[White "PenguinPacks"]
[Black "Tsyhanchuk_Stanislav"]
[Result "1-0"]
[WhiteElo "2463"]
[BlackElo "2270"]
[TimeControl "180+1"]
[EndTime "10:17:02 PST"]
[Termination "PenguinPacks won by resignation"]

1. e4 c6 2. d4 d5 3. Nc3 dxe4 4. Nxe4 Bf5 5. Ng3 Bg6 6. h4 h6 7.
h5 Bh7 8. Nf3 e6 9. Bd3 Bxd3 10.
Qxd3 Nf6 11. Bd2 Nbd7 12. O-O-O Qc7 13. c4 Bd6 14. Kb1 O-O-O 15. Rhe1 Bxg3 16. fxg3 Qxg3 17. Qa3 a6 18. Ba5 Rde8 19. Ne5 Qxa3 20. bxa3 b6 21. Bb4 Nxe5 22. dxe5 Nd7 23. Bd6 c5 24. Rd3 Kb7 25.
Rf3 f6 26. Rg3 Rhg8 27. exf6 Nxf6 28. Re5 Kc6 29. Rd3 Rd8 30. Rxe6 Rge8 31. Be7+ Kb7 32. Rxd8 1-0